 Dungeon Crawl Stone Soup version 0.22.0-81-g402daae900 (webtiles) character file.

86 Debik the Digger (level 4, -1/36 HPs)
             Began as a Gargoyle Earth Elementalist on Sept 17, 2018.
             Slain by a goblin
             ... wielding a +1 dagger of venom
             ... led by Robin
              (2 damage)
             ... on level 2 of the Dungeon.
             The game lasted 00:03:18 (1798 turns).

Debik the Digger (Gargoyle Earth Elementalist)      Turns: 1798, Time: 00:03:18

Health: -1/36      AC:  6    Str: 17    XL:     4   Next: 49%
Magic:  1/8        EV: 12    Int: 16    God:
Gold:   108        SH:  0    Dex: 10    Spells: 2/8 levels left

rFire    . . .     SeeInvis .   b - +0 quarterstaff
rCold    . . .     Gourm    .   (shield currently unavailable)
rNeg     + . .     Faith    .   c - +0 robe
rPois    ∞         Spirit   .   (no helmet)
rElec    +         Reflect  .   (no cloak)
rCorr    .         Harm     .   h - +0 pair of gloves
MR       .....                  (no boots)
Stlth    ..........             (no amulet)
HPRegen  0.12/turn              (no ring)
MPRegen  0.11/turn              (no ring)

@: berserking, very slightly contaminated, invisible, very quick
A: negative energy resistance 1, electricity resistance, unbreathing,
petrification resistance, rot immunity, AC +3
a: no special abilities


You were on level 2 of the Dungeon.
You were not hungry.

You visited 1 branch of the dungeon, and saw 3 of its levels.

You collected 108 gold pieces.

Inventory:

Hand Weapons
 b - a +0 quarterstaff (weapon)
Missiles
 k - 17 stones (quivered)
Armour
 c - a +0 robe (worn)
 h - a +0 pair of gloves (worn)
Scrolls
 e - 4 scrolls of identify {unknown}
 f - 2 scrolls of remove curse {unknown}
 j - a scroll of fear {unknown}
Potions
 a - a potion of brilliance {unknown}
 i - a potion of invisibility
Comestibles
 d - 6 rations


   Skills:
 + Level 0.1 Fighting
 + Level 0.3 Staves
 + Level 2.0 Dodging
 + Level 2.3 Stealth
 + Level 2.7 Spellcasting
 + Level 0.7 Transmutations
 + Level 5.1 Earth Magic


You had 2 spell levels left.
You knew the following spells:

 Your Spells              Type           Power        Failure   Level  Hunger
a - Sandblast             Erth           ###...       2%          1    #......
b - Passwall              Tmut/Erth      ##......     9%          2    ##.....
e - Stone Arrow           Conj/Erth      ##....       21%         3    ###....

Your spell library contained the following spells:

 Spells                   Type           Power        Failure   Level  Hunger
 Petrify                  Tmut/Erth      ##......     50%         4    #####..
 Lee's Rapid Deconstruct  Erth           ###.......   54%         5    ######.


Dungeon Overview and Level Annotations

Branches:
Dungeon (3/15)

Altars:
Ashenzari

Annotations:
D:3 Robin


Innate Abilities, Weirdness & Mutations

You are resistant to torment.
Your stone body is resilient. (AC +3)
You are immune to poison.
You resist negative energy. (rN+)
You are resistant to electric shocks. (rElec)
You can survive without breathing.
You are immune to petrification.
You are immune to rotting.


Message History

You climb upwards.
There is a stone staircase leading down here.
It was a potion of invisibility.
You fade into invisibility!
The hobgoblin hits you but does no damage.
The goblin hits you but does no damage.
It was a potion of berserk rage.
A red film seems to cover your vision as you go berserk!
You feel yourself moving faster!
You feel mighty! The hobgoblin completely misses you.
The goblin hits you with a dagger of venom.
* * * LOW HITPOINT WARNING * * *
Unknown command.
You are too berserk!
You catch the helpless hobgoblin completely off-guard!
You sock the hobgoblin!
You kill the hobgoblin!
The goblin hits you but does no damage.
The goblin hits you with a dagger of venom.
You die...

#.#####.##.#...........
#.#####.##.'...........
#.......####...........
############...........
#.........##...........
#.........##.......)...
#...).....##...........
#....g.................
#....g@................
##............#########
#............#
#............# ##
#............# #.
#............### #.
#..............# #.
##..............# #.
#...............# #.


You could see 2 goblins.

Vanquished Creatures
  3 adders (D:2)
  2 leopard geckos
  7 bats
  4 giant cockroaches
  9 goblins
  10 hobgoblins
  7 kobolds
  8 frilled lizards
  5 rats
55 creatures vanquished.

Notes
Turn   | Place    | Note
-------+----------+-------------------------------------------
     0 | D:1      | Debik the Gargoyle Earth Elementalist began the quest for
                  | the Orb.
     0 | D:1      | Reached XP level 1. HP: 10/10 MP: 3/3
   215 | D:1      | Reached skill level 4 in Earth Magic
   215 | D:1      | Reached XP level 2. HP: 15/15 MP: 3/5
   740 | D:1      | Reached XP level 3. HP: 19/19 MP: 3/6
   745 | D:1      | Learned a level 3 spell: Stone Arrow
   749 | D:1      | Learned a level 2 spell: Passwall
  1059 | D:2      | Found a shattered altar of Ashenzari.
  1349 | D:2      | Reached XP level 4. HP: 24/24 MP: 2/7
  1554 | D:2      | Reached skill level 5 in Earth Magic
  1784 | D:3      | Noticed Robin
  1797 | D:2      | HP: 1/36 [goblin/dagger of venom[Robin] (4)]
  1798 | D:2      | Slain by a goblin

Skill      XL: |  1  2  3  4 |
---------------+-------------+-----
Earth Magic    | 4 5 |  5.1
Dodging        | 2 |  2.0
Fighting       | |  0.1
Staves         | |  0.3
Stealth        | |  2.3
Spellcasting   | |  2.7
Transmutations | |  0.7

Action                   |  1- 3 |  4- 6 || total
-------------------------+-------+-------++-------
Melee: Unarmed           |     5 |     5 ||    10
       Quarterstaff      |       |    14 ||    14
 Cast: Sandblast         |    51 |     9 ||    60
       Stone Arrow       |       |     1 ||     1
  Use: Scroll            |     1 |       ||     1
       Potion            |       |     2 ||     2
 Stab: Invisible         |       |     1 ||     1
       Sleeping          |       |     1 ||     1
  Eat: Chunk             |     1 |       ||     1
       Ration            |       |     1 ||     1
Armor: Robe              |     7 |    12 ||    19
Dodge: Dodged            |    13 |    18 ||    31
